AoeStats
← Stkk6995

Arena

507372407Analyzed
4v4 RM · 2mo ago on Sep 17, 2026· 39m 28s· 8 players
Game mode
Random Map
Map size
Large (8 player)
Population
200
Speed
Normal
Resources
Standard
Victory
Conquest
Starting age
Dark Age
Ending age
Imperial Age
RankedLock teamsTeams togetherTeam positionsShared explorationLock speedFull tech treeHidden civsTurbo modeCheats
Victory
Defeat
🇬🇧 Persians · United Kingdom
838
+11
🇩🇪 Mongols · Germany
837
+11
🇧🇷 Turks · Brazil
818
+12
🇦🇷 Celts · Argentina
807
+14
vs
🇨🇴 Celts · Colombia
782
-13
🇺🇸 Franks · United States
727
-12
🇲🇽 Cumans · Mexico
725
-12
🇨🇦 Spanish · Canada
702
-11
Searam
2:02 Loom
11:59 Feudal Age
14:14 Wheelbarrow
17:11 Castle Age
15:51 Double-Bit Axe
15:49 Horse Collar
20:26 Bow Saw
24:40 Hand Cart
30:10 Imperial Age
UBERBULLET
12:17 Feudal Age
17:08 Castle Age
16:24 Double-Bit Axe
21:24 Wheelbarrow
21:31 Stone Mining
29:37 Imperial Age
26:57 Elite Skirmisher
Stkk6995
13:56 Feudal Age
14:57 Horse Collar
16:27 Double-Bit Axe
19:19 Gold Mining
22:43 Castle Age
23:15 Wheelbarrow
23:05 Stone Mining
26:48 Gold Shaft Mining
26:48 Stone Shaft Mining
30:34 Bow Saw
31:42 Forging
31:34 Scale Mail Armor
enrique.lopezc12983
0:40 Loom
13:11 Feudal Age
13:40 Horse Collar
13:51 Double-Bit Axe
14:00 Gold Mining
14:10 Stone Mining
22:30 Castle Age
21:06 Forging
21:31 Scale Barding Armor
23:36 Bow Saw
24:06 Iron Casting
23:53 Chain Barding Armor
23:57 Heavy Plow
24:54 Gold Shaft Mining
25:02 Light Cavalry
25:53 Bloodlines
27:06 Wheelbarrow
27:29 Caravan
Greenland Viking
7:10 Loom
10:56 Feudal Age
15:55 Wheelbarrow
15:06 Town Watch
19:08 Castle Age
17:25 Double-Bit Axe
17:23 Horse Collar
18:31 Stone Mining
18:34 Gold Mining
18:39 Fletching
20:17 Bow Saw
25:18 Hand Cart
26:28 Kamandaran
27:01 Bodkin Arrow
27:07 Padded Archer Armor
27:13 Scale Barding Armor
27:19 Forging
27:54 Crossbowman
28:40 Thumb Ring
30:55 Ballistics
33:52 Imperial Age
31:48 Leather Archer Armor
33:31 Chain Barding Armor
33:27 Heavy Plow
34:06 Iron Casting
35:19 Plate Barding Armor
35:15 Ring Archer Armor
37:32 Blast Furnace
37:21 Bloodlines
37:12 Husbandry
36:32 Heavy Camel Rider
39:31 Crop Rotation
40:41 Chemistry
Deatho
11:35 Feudal Age
12:17 Double-Bit Axe
12:13 Horse Collar
13:38 Wheelbarrow
18:11 Castle Age
16:37 Stone Mining
17:56 Gold Mining
21:34 Town Watch
23:11 Fletching
24:04 Stone Shaft Mining
23:22 Gold Mining
23:44 Bow Saw
24:47 Hand Cart
24:43 Bodkin Arrow
27:53 Padded Archer Armor
28:03 Heavy Plow
33:07 Imperial Age
35:51 Gold Shaft Mining
35:55 Stone Shaft Mining
35:14 Loom
36:19 Hoardings
35:56 Bracer
36:13 Leather Archer Armor
35:59 Bracer
35:23 Elite Mangudai
36:24 Conscription
36:26 Drill
36:19 Thumb Ring
36:40 Parthian Tactics
37:46 Chemistry
37:07 Ballistics
38:10 Siege Engineers
39:06 Drill
39:41 Caravan
Tamor
13:38 Feudal Age
17:45 Castle Age
23:53 Imperial Age
23:46 Double-Bit Axe
24:58 Gold Mining
29:59 Padded Archer Armor
LUC
10:39 Feudal Age
16:35 Castle Age
14:32 Horse Collar
16:12 Double-Bit Axe
18:38 Bow Saw
20:23 Loom
21:21 Heavy Plow
21:28 Gold Mining
23:10 Wheelbarrow
23:28 Stone Mining
32:41 Imperial Age
31:17 Forging
31:07 Scale Mail Armor
32:36 Iron Casting
33:00 Chain Mail Armor
33:50 Conscription
33:02 Elite Woad Raider
Connection lost

Rejoining the realm…

Still unreachable

The connection could not be restored.

Session expired

The server has moved on; the page needs a fresh start.